 Dungeon Crawl Stone Soup version 0.28.0-53-g5a82cb258f (webtiles) character file.

Game seed: 11884694339551935469

114 hawla the Magician (level 4, -1/20 (24) HPs)
             Began as a Deep Elf Air Elementalist on June 7, 2022.
             Slain by a water moccasin (5 damage)
             ... on level 6 of the Dungeon.
             The game lasted 00:06:40 (1991 turns).

hawla the Magician (Deep Elf Air Elementalist)      Turns: 1991, Time: 00:06:40

HP:   -1/20 (24)    AC:  2    Str:  7    XL:     4   Next: 66%
MP:   4/12          EV: 13    Int: 20    God:
Gold: 82            SH:  0    Dex: 15    Spells: 10/11 levels left

rFire   . . .      SeeInvis .   (no weapon)
rCold   . . .      Faith    .   g - orb {*channel}
rNeg    . . .      Spirit   .   a - +0 robe
rPois   .          Reflect  .   (no helmet)
rElec   .          Harm     .   (no cloak)
rCorr   .          Rampage  .   (no gloves)
Will    .....                   (no boots)
Stlth   ++........              (no amulet)
HPRegen 0.06/turn               (no ring)
MPRegen 0.13/turn               (no ring)

@: lethally poisoned (-1 -> -9), heavily drained
A: no striking features
a: no special abilities


You were on level 6 of the Dungeon.
You visited 1 branch of the dungeon, and saw 5 of its levels.

You collected 82 gold pieces.

Inventory:

Missiles
 f - 5 atropa-tipped darts (quivered)
Armour
 a - a +0 robe (worn)
 g - an orb of energy (worn)
Jewellery
 e - a +6 ring of intelligence
Scrolls
 b - 3 scrolls of identify
 h - a scroll of amnesia {unknown}
 i - a scroll of teleportation {unknown}
Potions
 c - 2 potions of mutation
 d - a potion of experience {unknown}


   Skills:
 + Level 2.9 Dodging
 + Level 2.7 Stealth
 + Level 4.4 Spellcasting
 + Level 2.3 Conjurations
 + Level 4.0 Air Magic


You had 10 spell levels left.
You knew the following spells:

 Your Spells              Type           Power      Damage    Failure   Level
a - Shock                 Conj/Air       68%        1d7       3%          1

Your spell library contained the following spells:

 Spells                   Type           Power      Damage    Failure   Level
 Static Discharge         Conj/Air       17%        N/A       4%          2
 Swiftness                Air            20%        N/A       7%          3
 Airstrike                Air            10%        N/A       22%         4


Dungeon Overview and Level Annotations

Branches:
Dungeon (7/15)
 Temple: D:4-7

Altars:
Xom
Beogh


Message History

Confirm with . or Enter, or press ? or * to list all spells.
Aiming: Shock (safe; 3% risk of failure)
Press: ? - help, Shift-Dir - straight line, f/p - necrophage
Aim: a necrophage (lightly damaged, 71% to hit)
The zap misses the necrophage.
The zap hits the hound.
The hound is moderately wounded.
The necrophage hits you.
You open the door. The necrophage closely misses you.
Found a pink potion and 14 arrows.
Found a stone staircase leading down.
Found a metallic purple potion.
There is an open door here.
There is a stone staircase leading down here.
The necrophage hits you but does no damage.
The hound closely misses you.
You climb downwards.
You hear the roar of battle.
There is an entrance to a bailey on this level.
Hurry and find it before the portal closes forever!
Found a quarterstaff and 11 gold pieces.
Found a stone staircase leading up.
There is a stone staircase leading up here.
The water moccasin hisses angrily.
The necrophage closely misses you.
The necrophage hits you but does no damage.
The water moccasin barely misses you. The water moccasin barely misses you.
There is a stone staircase leading up here.
The water moccasin bites you!
You are lethally poisoned!
The water moccasin poisons you!
You climb upwards.
* * * LOW HITPOINT WARNING * * *
You feel very sick.
Found an escape hatch in the floor.
There is a stone staircase leading down here.
As you read the scroll labelled ROGUFUPOGE, it crumbles to dust.
It is a scroll of identify.
c - 2 potions of mutation
* * * LOW HITPOINT WARNING * * *
You feel sick. The water moccasin bites you.
You die...

#.# ##.......#
#.####!........
#....'.h.......
#..####..>(.....
#.## ##.....!.#
## ##.....## ###
##...## #.# #+##
#@# #S# #.# #.#
#.# #.# #s# #..


You could see a water moccasin and a scorpion.

Vanquished Creatures
  A scorpion (D:6)
  An orc (D:6)
  7 endoplasms
  4 giant cockroaches
  2 goblins
  6 hobgoblins
  4 jackals (D:1)
  A kobold (D:3)
  A quokka (D:1)
  8 ball pythons
  3 bats
  2 frilled lizards
  13 rats
53 creatures vanquished.

Notes
Turn   | Place    | Note
-------+----------+-------------------------------------------
     0 | D:1      | hawla the Deep Elf Air Elementalist began the quest for the
                  | Orb.
     0 | D:1      | Reached XP level 1. HP: 10/10 MP: 6/6
   116 | D:1      | Reached XP level 2. HP: 15/15 MP: 0/8
   757 | D:1      | Reached XP level 3. HP: 19/19 MP: 3/9
  1081 | D:1      | Found a faded altar of an unknown god.
  1756 | D:2      | Found a shimmering altar of Xom.
  1931 | D:3      | You fall into a shaft and drop 3 floors!
  1931 | D:6      | Noticed a scorpion
  1935 | D:6      | Killed a scorpion
  1936 | D:6      | Reached XP level 4. HP: 24/24 MP: 7/12
  1937 | D:6      | Noticed a necrophage
  1982 | D:7      | Noticed a water moccasin
  1990 | D:6      | Noticed a scorpion
  1991 | D:6      | Slain by a water moccasin

Illustrated notes

Levels and vault maps discovered:
D:1:      kennysheep_arrival_forest, layout_basic,
          hellmonk_ecumenical_altar_defaced_shrine
D:2:      layout_basic, basic_altar
D:3:      layout_rooms, general_overflow_altar
D:6:      layout_loops_corners, chequers_temple_overflow_minitemple
D:7:      layout_rooms, enter_bailey_2, uniq_crazy_yiuf_cottage

Skill      XL: |  1  2  3 |
---------------+----------+-----
Spellcasting   | 4 |  4.4
Conjurations   | 2 |  2.3
Air Magic      | 4 |  4.0
Dodging        | |  2.9
Stealth        | |  2.7

Action                   |  1- 3 |  4- 6 || total
-------------------------+-------+-------++-------
Melee: Unarmed           |     1 |     1 ||     2
 Cast: Shock             |    86 |     9 ||    95
  Use: Scroll            |     1 |     1 ||     2
Armor: Robe              |       |     3 ||     3
Dodge: Dodged            |    11 |     6 ||    17
